 Dungeon Crawl Stone Soup version 0.19.1 (webtiles) character file.

5848 dvd the Tainter (level 10, 0/63 HPs)
             Began as an Octopode Venom Mage on Nov 24, 2016.
             Slain by a water moccasin (3 damage)
             ... on level 8 of the Dungeon.
             The game lasted 00:39:29 (12082 turns).

dvd the Tainter (Octopode Venom Mage)              Turns: 12082, Time: 00:39:29

Health: 0/63       AC:  1    Str:  9    XL:     10   Next: 80%
Magic:  14/22      EV: 16    Int: 20    God:
Gold:   582        SH:  0    Dex: 16    Spells: 5 memorised, 13 levels left

rFire  . . .     SeeInvis .     a - +2 hand axe (chop)
rCold  . . .     Gourm    .     (no shield)
rNeg   + . .     Faith    .     l - +0 hat {MR+}
rPois  .         Spirit   .     (no amulet)
rElec  .         Reflect  .     g - ring of protection from magic (curse)
rCorr  .         Harm     .     n - ring "Afynorr" {rN+ MR+ Dex+4 Stlth-}
MR     +++..                    y - ring of flight
Stlth  +++.......               (no ring)
                                (no ring)
                                (no ring)
                                (no ring)
                                (no ring)

@: repel missiles
A: almost no armour, stealthy swim, amphibious, 8 rings, constrict 8, camouflage
1, gelatinous body 1
a: Evoke Flight


You were on level 8 of the Dungeon.
You were near starving.

You visited 3 branches of the dungeon, and saw 11 of its levels.

You collected 582 gold pieces.

Inventory:

Hand Weapons
 a - a +2 hand axe of chopping (weapon)
 j - a +3 dagger of venom
 B - a +0 whip of venom
 G - a +0 glaive of venom
Missiles
 o - 7 tomahawks of returning (quivered)
 q - 8 tomahawks
 t - 2 javelins of returning
 C - 4 tomahawks of dispersal
Armour
 l - a +0 hat of magic resistance (worn)
 p - a +0 shield
Jewellery
 g - a cursed ring of protection from magic (left tentacle)
 n - the ring "Afynorr" (right tentacle) {rN+ MR+ Dex+4 Stlth-}
   (You found it on level 5 of the Dungeon)

   [ring of positive energy]

   It affects your dexterity (+4).
   It protects you from negative energy.
   It affects your resistance to hostile enchantments.
   It makes you less stealthy.
 y - a ring of flight (on tentacle)
Wands
 s - a wand of teleportation (5/9)
 D - a wand of enslavement (17/24)
Scrolls
 d - 2 scrolls of magic mapping
 e - 11 scrolls of identify
 h - a scroll of blinking
 k - a scroll of remove curse
 u - 3 scrolls of teleportation
 w - a scroll of enchant weapon
 F - a scroll of amnesia
 I - a scroll of fog
Potions
 c - 2 potions of brilliance
 m - a potion of flight
 r - a potion of haste
 A - a potion of curing
Books
 i - a Young Poisoner's Handbook

   Spells                             Type                      Level
   a - Sting                          Conjuration/Poison           1
   b - Mephitic Cloud                 Conjuration/Poison/Air       3
   c - Olgreb's Toxic Radiance        Poison                       4
   d - Alistair's Intoxication        Transmutation/Poison         5
   e - Venom Bolt                     Conjuration/Poison           5
 v - a book of Changes

   Spells                             Type                      Level
   a - Beastly Appendage              Transmutation                1
   b - Sticks to Snakes               Transmutation                2
   c - Spider Form                    Transmutation/Poison         3
   d - Ice Form                       Ice/Transmutation            4
   e - Blade Hands                    Transmutation                5
 x - a book of Air

   Spells                             Type                      Level
   a - Shock                          Conjuration/Air              1
   b - Swiftness                      Charms/Air                   2
   c - Repel Missiles                 Charms/Air                   2
   d - Static Discharge               Conjuration/Air              3
   e - Lightning Bolt                 Conjuration/Air              5
Comestibles
 b - 6 bread rations
 f - 8 fruits
 z - a meat ration
 E - 6 royal jellies


   Skills:
 + Level 3.4 Fighting
 + Level 3.1 Short Blades
 + Level 4.2 Axes
 + Level 4.5 Dodging
 + Level 6.6 Stealth
 + Level 8.7 Spellcasting
 + Level 3.5 Conjurations
 + Level 0.2 Charms
 + Level 1.0 Air Magic
 + Level 11.0 Poison Magic


You had 13 spell levels left.
You knew the following spells:

 Your Spells              Type           Power        Failure   Level  Hunger
a - Sting                 Conj/Pois      ####         1%          1    None
b - Olgreb's Toxic Radia  Pois           ######..     1%          4    ###....
c - Repel Missiles        Chrm/Air       ##....       12%         2    None
d - Shock                 Conj/Air       ###.         3%          1    None
e - Venom Bolt            Conj/Pois      #####.....   14%         5    #####..


Dungeon Overview and Level Annotations

Branches:
Dungeon (9/15)             Temple (1/1) D:5            Lair (1/6) D:8
    Orc: D:9-12

Altars:
Ashenzari
Cheibriados
Dithmenos
Elyvilon
Fedhas
Gozag
Hepliaklqana
Kikubaaqudgha
Makhleb
Nemelex Xobeh
Okawaru
Qazlal
Ru
Sif Muna
Trog
Uskayaw
Xom
Yredelemnul
Zin
The Shining One

Shops:
D:9 (

Portals:
Volcano: Lair:1

Annotations:
D:6 dscm's ghost, novice MiFi


Innate Abilities, Weirdness & Mutations

You cannot wear most types of armour.
You are very stealthy in the water. (Stealth+)
You are amphibious.
You can wear up to eight rings at the same time.
You can use your tentacles to constrict eight enemies at once.
Your skin changes colour to match your surroundings (Stealth+).
Your rubbery body absorbs attacks. (AC +1, EV +1)


Message History

You begin to radiate toxic energy.
The water moccasin closely misses you. The water moccasin bites you.
The hippogriff barely misses you. The hippogriff pecks you.
* * * LOW HITPOINT WARNING * * *
The hippogriff claws you!
* * * LOW HITPOINT WARNING * * *
The hippogriff looks even sicker.
Your toxic aura wanes.
The water moccasin bites you!
* * * LOW HITPOINT WARNING * * *
Unknown command.
You hit the water moccasin. Your grab misses the water moccasin.
You squeeze the water moccasin.
The water moccasin is moderately wounded.
The water moccasin misses you.
Unknown command.
You hit the hippogriff.
You kill the hippogriff!
You barely miss the water moccasin. The water moccasin bites you.
You die...

#..≈≈....≈....≈....<#.#.##.#
#..≈≈.≈≈≈≈.≈..≈.##.##.#..#.#
#.≈.≈≈≈≈≈.≈≈≈≈≈.##.##....#.#
#≈..≈≈≈≈≈≈≈≈≈...##.###...#..
#≈≈≈≈≈≈≈≈≈≈≈≈....#..##.[####
#≈≈≈≈≈.≈.≈.≈≈≈≈..#.#....# #
#≈≈≈≈≈≈....≈≈≈......##..####
#≈≈≈≈≈≈.>.†.≈≈..##..##..##..
#≈≈≈≈≈....S@≈.≈.##..##......
#≈≈≈≈≈≈..≈.≈≈≈...)..##.##...
#.≈≈≈≈≈....≈≈≈..##..##.##.##
#..≈≈≈≈..≈≈≈≈...##..##.##.#
#..≈≈≈≈≈.≈≈≈≈...##..##.##.#
#....≈≈≈.≈≈≈≈≈............#
#...≈≈≈≈.≈≈≈≈≈..#.#.##.##.#
#..≈≈≈≈≈.≈.≈≈≈..#.#.##.##.#
#..≈≈≈≈≈.≈.≈≈...#.........##


You could see a water moccasin.

Vanquished Creatures
  A hill giant (D:7)
  2 hornets (D:8)
  A troll (D:8)
  Prince Ribbit (D:8)
  A hippogriff (D:8)
  A wyvern (D:8)
  A soldier ant (D:8)
  Duvessa (D:7)
  2 water moccasins (D:6)
  2 black bears
  2 sky beasts
  A phantom (D:4)
  3 orc warriors
  2 ice beasts (D:8)
  3 wolves (D:8)
  5 ogres
  3 centaurs
  2 bullfrogs
  3 scorpions
  Dowan (D:7)
  5 killer bees (D:8)
  2 electric eels (D:8)
  A howler monkey (D:7)
  4 crimson imps
  2 jellies (D:7)
  9 hounds
  A bullfrog skeleton (D:4)
  3 orc priests
  A centaur skeleton (D:7)
  6 orc wizards
  Terence (D:2)
  5 iguanas
  5 worker ants
  A killer bee zombie (D:8)
  A hound zombie (D:6)
  11 adders
  3 shadow imps
  An ooze (D:1)
  3 adder skeletons
  2 worms (D:3)
  3 dart slugs
  8 leopard geckos
  20 orcs
  9 bats
  8 giant cockroaches
  13 goblins
  7 hobgoblins
  12 jackals
  9 kobolds
  6 quokkas
  A ball python skeleton (D:4)
  5 frilled lizards
  A jackal skeleton (D:7)
  2 quokka skeletons
  A quokka zombie (D:7)
  12 rats
222 creatures vanquished.

Notes
Turn   | Place    | Note
-------+----------+-------------------------------------------
     0 | D:1      | dvd the Octopode Venom Mage began the quest for the Orb.
     0 | D:1      | Reached XP level 1. HP: 11/11 MP: 3/3
   126 | D:1      | Reached skill level 5 in Poison Magic
   201 | D:1      | Reached XP level 2. HP: 12/17 MP: 0/5
   435 | D:1      | Reached XP level 3. HP: 12/21 MP: 1/6
  1396 | D:2      | Reached XP level 4. HP: 27/27 MP: 4/7
  1437 | D:2      | Found a stormy altar of Qazlal.
  1516 | D:2      | Learned a level 4 spell: Olgreb's Toxic Radiance
  1561 | D:2      | Noticed Terence
  1573 | D:2      | Killed Terence
  1924 | D:3      | Reached skill level 6 in Poison Magic
  1951 | D:3      | Reached XP level 5. HP: 32/32 MP: 7/9
  2015 | D:3      | Reached skill level 1 in Conjurations
  2900 | D:4      | Reached skill level 1 in Short Blades
  2925 | D:4      | Reached XP level 6. HP: 21/37 MP: 9/11
  3019 | D:4      | Noticed a phantom
  3234 | D:4      | Found a blossoming altar of Fedhas.
  3866 | D:4      | Killed a phantom
  3866 | D:4      | Reached skill level 1 in Fighting
  4531 | D:5      | Entered Level 5 of the Dungeon
  4548 | D:5      | Reached XP level 7. HP: 43/43 MP: 12/12
  4620 | D:5      | Got a wavering copper ring
  4621 | D:5      | Identified the ring "Afynorr" {rN+ MR+ Dex+4 Stlth-} (You found it on level 5 of the Dungeon)
  5307 | D:5      | Found a staircase to the Ecumenical Temple.
  5314 | Temple   | Entered the Ecumenical Temple
  5532 | D:5      | Reached skill level 7 in Poison Magic
  5822 | D:6      | Reached XP level 8. HP: 50/50 MP: 8/14
  5900 | D:6      | Noticed dscm's ghost (novice MiFi)
  6160 | D:6      | Learned a level 2 spell: Repel Missiles
  6239 | D:6      | Reached skill level 1 in Axes
  6267 | D:6      | Reached skill level 5 in Spellcasting
  6267 | D:6      | Reached skill level 8 in Poison Magic
  6432 | D:6      | Found a shadowy altar of Dithmenos.
  7016 | D:7      | Noticed Duvessa
  7016 | D:7      | Noticed Dowan
  7026 | D:7      | Killed Dowan
  7026 | D:7      | Reached XP level 9. HP: 55/55 MP: 5/17
  7033 | D:7      | Killed Duvessa
  7197 | D:7      | Learned a level 1 spell: Shock
  7388 | D:7      | Reached skill level 9 in Poison Magic
  7799 | D:7      | Noticed a hill giant
  7850 | D:7      | Killed a hill giant
  8374 | D:8      | Found a snail-covered altar of Cheibriados.
  8543 | D:8      | Noticed a hornet
  8551 | D:8      | Killed a hornet
  8551 | D:8      | Reached skill level 5 in Stealth
  8714 | D:8      | Noticed a hornet
  8724 | D:8      | Reached skill level 10 in Poison Magic
  8774 | D:8      | Learned a level 5 spell: Venom Bolt
  8787 | D:8      | Paralysed by a hornet for 3 turns
  8788 | D:8      | Killed a hornet
  8788 | D:8      | Reached XP level 10. HP: 39/62 MP: 14/21
  9756 | D:8      | Noticed Prince Ribbit
  9765 | D:8      | Killed Prince Ribbit
 10529 | D:8      | Found a staircase to the Lair.
 10702 | D:8      | Found an iron altar of Okawaru.
 10854 | D:8      | Found a burning altar of Makhleb.
 10933 | D:9      | Reached skill level 1 in Air Magic
 11234 | D:9      | Found Qipoitik's Weapon Shop.
 11342 | D:8      | HP: 3/63 [black bear (5)]
 11349 | D:8      | Reached skill level 11 in Poison Magic
 11704 | D:8      | HP: 3/63 [ice beast (9)]
 12045 | Lair:1   | Entered Level 1 of the Lair of Beasts
 12054 | Lair:1   | Found a dark tunnel.
 12080 | D:8      | HP: 2/63 [water moccasin (7)]
 12082 | D:8      | Slain by a water moccasin

Skill      XL: |  1  2  3  4  5  6  7  8  9 10 |
---------------+-------------------------------+-----
Poison Magic   | 5 6 7 8 10 11 | 11.0
Conjurations   | 1 2 3 |  3.5
Stealth        | 3 4 5 6 |  6.6
Spellcasting   | 3 4 5 7 8 |  8.7
Short Blades   | 1 2 3 |  3.1
Fighting       | 1 2 3 |  3.4
Dodging        | 3 4 |  4.5
Axes           | 2 3 4 |  4.2
Air Magic      | 1 |  1.0
Charms         | |  0.2

Action                   |  1- 3 |  4- 6 |  7- 9 | 10-12 || total
-------------------------+-------+-------+-------+-------++-------
Melee: Unarmed           |    15 |       |       |       ||    15
       Dagger            |    10 |   127 |     9 |       ||   146
       Tentacles         |     4 |    16 |    20 |    11 ||    51
       Constrict         |     3 |    17 |    23 |    10 ||    53
       Hand axe          |       |       |    91 |    61 ||   152
Throw: Tomahawk          |       |       |     1 |       ||     1
 Cast: Sting             |    63 |    54 |    44 |    15 ||   176
       Olgreb's Toxic Ra |       |     5 |    44 |    32 ||    81
       Repel Missiles    |       |       |     1 |     1 ||     2
       Shock             |       |       |    11 |     6 ||    17
       Venom Bolt        |       |       |       |    11 ||    11
  Use: Scroll            |     2 |     7 |     1 |     2 ||    12
       Potion            |       |     5 |     1 |     6 ||    12
 Stab: Sleeping          |     1 |     5 |     5 |     1 ||    12
       Invisible         |       |       |       |     1 ||     1
  Eat: Chunk             |     2 |     9 |    18 |     6 ||    35
       Beef jerky        |       |     1 |       |     1 ||     2
       Royal jelly       |       |       |     1 |     3 ||     4
       Fruit             |       |       |     1 |       ||     1
       Pizza             |       |       |       |     1 ||     1
Armor: Skin              |    11 |     7 |     3 |     4 ||    25
Dodge: Dodged            |    36 |    71 |    76 |    70 ||   253
       Deflected         |       |       |       |     3 ||     3
